 Dungeon Crawl Stone Soup version 0.19.0-2-gae57169 (webtiles) character file.

597600 BaronBadger the Executioner (level 26, -3/268 HPs)
             Began as a Deep Dwarf Fighter on Nov 5, 2016.
             Was the Champion of Makhleb.
             Killed by divine providence
             ... invoked by a deep elf high priest
              (4 damage)
             ... on level 3 of the Elven Halls on Nov 6, 2016.
             The game lasted 02:23:54 (47197 turns).

BaronBadger the Executioner (Deep Dwarf Fighter)   Turns: 47197, Time: 02:23:54

Health: -3/268     AC: 40    Str: 20    XL:     26   Next: 39%
Magic:  31/31      EV: 28    Int: 14    God:    Makhleb [******]
Gold:   748        SH: 21    Dex: 27    Spells: 0 memorised, 25 levels left

rFire  + + +     SeeInvis +     V - +12 broad axe of Xom's Favour {chop, Int+2}
rCold  + + +     Gourm    .     n - +9 plate armour "Deghiung" {rElec}
rNeg   + . .     Faith    .     r - +0 shield {rPois}
rPois  +         Spirit   .     X - +0 helmet of the Flute {rF+ Str+4 Slay+2 Stlth-}
rElec  +         Reflect  +     G - +1 cloak of Starlight {rElec rC+ EV+4 Stlth--}
rCorr  .         Harm     .     B - +0 pair of gloves of Limited Liability {rC+ MR+}
MR     +++++                    I - +2 pair of boots of the Assassin {DetectMon Stab+ Stlth++}
Stlth  ..........               Q - +4 amulet of reflection
                                c - ring "Seruhuebb" {rF++ MP+9 Str-5 Dex+3 SInv}
                                M - +4 ring of dexterity

@: about to teleport, non-regenerating, slowed, very slow
A: damage resistance, recharge devices, claws 2, slimy green scales 1, cold
resistance 1, magic resistance 1, negative energy resistance 1, sense
surroundings 3, electricity resistance, slow regeneration 3, sturdy frame 1
a: Device Recharging, Minor Destruction, Lesser Servant of Makhleb, Major
Destruction, Greater Servant of Makhleb, Renounce Religion
}: 3/15 runes: decaying, serpentine, silver


You were on level 3 of the Elven Halls.
You worshipped Makhleb.
Makhleb was exalted by your worship.
You were not hungry.

You visited 10 branches of the dungeon, and saw 48 of its levels.
You visited the Abyss 1 time.
You visited 4 bazaars.
You also visited: Ice Cave and Volcano.

You collected 6913 gold pieces.
You spent 6165 gold pieces at shops.

Inventory:

Hand Weapons
 a - a +4 executioner's axe of chopping
 j - a +3 war axe of flaming
 l - a +9 broad axe of chopping
 N - a +2 battleaxe of holy wrath
 V - the +12 broad axe of Xom's Favour (weapon) {chop, Int+2}
   (You bought it in a shop on level 1 of the Depths)

   It inflicts extra damage upon your enemies.
   It affects your intelligence (+2).
Armour
 n - the +9 plate armour "Deghiung" (worn) {rElec}
   (You found it on level 4 of the Dungeon)

   It insulates you from electricity.
 r - a +0 shield of poison resistance (worn)
 y - the +0 pair of gloves "Kureph" {Dex+2}
   (You found it on level 5 of the Depths)

   It affects your dexterity (+2).
 B - the +0 pair of gloves of Limited Liability (worn) {rC+ MR+}
   (You bought it in a shop in a bazaar)

   It protects you from cold.
   It affects your resistance to hostile enchantments.
 G - the +1 cloak of Starlight (worn) {rElec rC+ EV+4 Stlth--}
   (You bought it in a shop on level 7 of the Dungeon)

   It affects your evasion (+4).
   It protects you from cold.
   It insulates you from electricity.
   It makes you much less stealthy.
 I - the +2 pair of boots of the Assassin (worn) {DetectMon Stab+ Stlth++}
   (You found it on level 6 of the Lair of Beasts)

   It makes you much more stealthy.
 W - the +1 pair of gloves of Ceysh {+Fly rElec Str+4 Dex-2}
   (You took it off Nikola on level 2 of the Swamp)

   It affects your strength (+4).
   It affects your dexterity (-2).
   It insulates you from electricity.
   It lets you fly.
 X - the +0 helmet of the Flute (worn) {rF+ Str+4 Slay+2 Stlth-}
   (You found it on level 4 of the Abyss)

   It affects your strength (+4).
   It affects your accuracy and damage with ranged weapons and melee attacks
   (+2).
   It protects you from fire.
   It makes you less stealthy.
Jewellery
 c - the ring "Seruhuebb" (right hand) {rF++ MP+9 Str-5 Dex+3 SInv}
   (You found it on level 3 of the Crypt)

   [ring of see invisible]

   It affects your strength (-5).
   It affects your dexterity (+3).
   It greatly protects you from fire.
   It affects your magic capacity (+9).
   It lets you see invisible.
 M - a +4 ring of dexterity (left hand)
 Q - a +4 amulet of reflection (around neck)
 R - the amulet "Pytso" {RegenMP rC+ Slay+3}
   (You found it on level 3 of the Snake Pit)

   [amulet of magic regeneration]

   It increases your magic regeneration.
   It affects your accuracy and damage with ranged weapons and melee attacks
   (+3).
   It protects you from cold.
Wands
 e - a wand of heal wounds (2/9)
 o - a wand of digging (7/24)
 w - a wand of disintegration (5/24)
Scrolls
 h - a scroll of blinking
 i - 7 scrolls of teleportation
 k - a scroll of summoning
 v - 18 scrolls of remove curse
 E - 3 scrolls of recharging
 H - 7 scrolls of enchant weapon
 K - 2 scrolls of holy word
 P - 5 scrolls of enchant armour
 S - 4 scrolls of magic mapping
 Y - 3 scrolls of identify
Potions
 d - 11 potions of might
 g - 6 potions of haste
 m - 4 potions of resistance
 q - 3 potions of cure mutation
 u - 15 potions of heal wounds
 z - 3 potions of invisibility
 A - 27 potions of curing
 F - 6 potions of agility
 J - 10 potions of flight
 L - 4 potions of magic
 T - 15 potions of brilliance
Comestibles
 b - 4 chunks of flesh
 f - 24 bread rations
 x - 26 meat rations


   Skills:
 * Level 21.9 Fighting
 + Level 23.5 Axes
 + Level 20.4 Armour
 + Level 20.9 Dodging
 + Level 20.6 Shields
 - Level 7.3 Evocations


You had 25 spell levels left.
You didn't know any spells.

Dungeon Overview and Level Annotations

Branches:
Dungeon (15/15)            Temple (1/1) D:6            Lair (6/6) D:11
  Swamp (4/4) Lair:2        Snake (4/4) Lair:3        Slime (0/5) Lair:6
    Orc (2/2) D:11            Elf (3/3) Orc:2        Vaults (5/5) D:13
  Crypt (3/3) Vaults:2       Tomb (0/3) Crypt:3      Depths (5/5) D:15
    Zot (0/5) Depths:5

Altars:
Ashenzari
Cheibriados
Dithmenos
Elyvilon
Fedhas
Gozag
Hepliaklqana
Kikubaaqudgha
Makhleb
Nemelex Xobeh
Okawaru
Qazlal
Ru
Sif Muna
Trog
Uskayaw
Vehumet
Xom
Yredelemnul
Zin
The Shining One
Jiyva
Lugonu

Shops:
D:4 (   D:7 [   D:8 %   D:12 =   D:13 !   D:14 [(   Orc:2 !!*%   Elf:3 !(!?[
Snake:3 =   Vaults:2 (   Vaults:5 *   Depths:1 (   Depths:2 }

Portals:
Hell: Depths:1 Depths:2 Depths:3 Depths:4 Depths:5
Abyss: Depths:3 Depths:4
Pandemonium: Depths:2 Depths:3
Ziggurat: Depths:5

Annotations:
Lair:2 exclusion: oklob plant


Innate Abilities, Weirdness & Mutations

You are resistant to damage.
You can recharge devices by infusing magical energy.
You resist negative energy. (rN+)
You passively map a large area around you.
You do not regenerate.
You have very sharp fingernails.
You are partially covered in slimy green scales. (AC +2)
Your flesh is cold resistant. (rC+)
You are resistant to hostile enchantments. (MR+)
You are resistant to electric shocks. (rElec)
Your movements are slightly less encumbered by armour. (ER -2)


Message History

The deep elf elementalist mumbles some strange words.
The Tzitzimitl gestures at you. The bolt of cold hits you! You resist.
The deep elf high priest shoots an arrow.
You reflect the arrow off an invisible shield around you!
The arrow barely misses the deep elf high priest.
The deep elf high priest mumbles some strange prayers to its god against you.
Something smites you!
* * * LOW HITPOINT WARNING * * *
The ghostly deep elf blademaster completely misses you. x2
The Tzitzimitl gestures at you. The bolt of cold hits you! You resist.
* * * LOW HITPOINT WARNING * * *
The deep elf elementalist gestures wildly while chanting.
The shadow demon hits you but does no damage.
You block the earth elemental's attack.
The deep elf death mage beckons forth a restless soul!
The deep elf high priest mumbles some strange prayers to its god against you.
Something smites you!
You die...

***,,,,,***,,,,,***,,,,,***
***,,,,,*##.##*,,,,,***
***,,,,*.(e#,,,,*** #
***,,*E44*,,*** ##
****eee*##* #. ###2##.# ##.
#..ee..# ##### #.. #e2E1*#
##...## #.#
#.4@e4####.....###.#
#...3)..#<......').#
#...))..........####
###(.)..#.......#
######'#.....##
*#.###...#'#### ##* *#.##
######.##. ###.###.#* ##'..
###...(.+## ##..≈


You could see a Tzitzimitl, a ghostly deep elf blademaster, a reaper, a deep elf
death mage, a deep elf elementalist, a shadow demon, a deep elf demonologist, an
orange demon, 4 deep elf high priests, 2 earth elementals, 2 rust devils, a
sixfirhy, a chaos spawn, a lost soul and a runed dire flail.

Vanquished Creatures
  Khufu (Crypt:3)
  3 ancient liches
  2 greater mummies (Crypt:3)
  Sojobo (Depths:2)
  Boris (Crypt:3)
  Frederick (Vaults:5)
  A golden dragon (Depths:5)
  A caustic shrike (shapeshifter) (Depths:5)
  Nikola (Swamp:2)
  Jory (Depths:4)
  2 bone dragons
  8 liches
  Jorgrun (Depths:5)
  8 tentacled monstrosities (Vaults:5)
  2 deep elf blademasters (Elf:3)
  A tentacled starspawn (Abyss:4)
  5 ancient champions
  5 titans
  2 acid blobs (Depths:3)
  5 sphinxes
  Kirke (Snake:3)
  4 thorn hunters
  3 storm dragons
  10 shadow dragons
  16 tengu reavers
  Donald (Crypt:2)
  3 revenants
  A shadow dragon (shapeshifter) (Depths:3)
  Roxanne (Elf:1)
  4 azure jellies (Depths:3)
  9 nagarajas
  9 deep elf sorcerers
  15 frost giants
  An orc warlord (Orc:2)
  12 vault wardens
  7 curse skulls
  Aizul (Snake:3)
  An iron dragon (Depths:3)
  17 fire giants
  A draconian scorcher (Depths:5)
  A juggernaut zombie (Crypt:3)
  An angel (Depths:5)
  A spriggan defender (Depths:3)
  A draconian zealot (Depths:5)
  A deep elf elementalist (Elf:3)
  3 ghouls (Crypt:3)
  21 ironheart preservers
  26 very ugly things
  3 war gargoyles
  An entropy weaver (shapeshifter) (Vaults:5)
  18 stone giants
  7 deep elf demonologists
  2 juggernaut skeletons (Depths:2)
  8 vampire knights
  2 green draconians (Depths:5)
  A lorocyproca (Depths:3)
  A mottled draconian (Depths:5)
  4 deep elf annihilators
  22 ettins
  A red draconian (Depths:5)
  3 eidola (Crypt:3)
  4 death oozes (Depths:3)
  3 deep elf death magi
  10 jiangshi
  9 yaktaur captains
  11 fire dragons
  6 deep elf high priests
  A green death (Abyss:4)
  A quicksilver dragon zombie (Crypt:2)
  Josephine (Lair:6)
  9 great orbs of eyes
  5 spriggan air magi
  7 rakshasas
  A quicksilver dragon skeleton (Depths:2)
  19 hydras
  A ghost crab (shapeshifter) (Vaults:3)
  30 vault guards
  14 naga warriors
  20 ice dragons
  3 catoblepae (Lair:6)
  2 ghost crabs
  2 monstrous demonspawn (Depths:3)
  Erica (D:9)
  10 centaur warriors
  5 death knights
  27 dancing weapons
  6 anacondas
  6 deep troll earth magi
  7 alligators
  21 death yaks
  10 tengu warriors
  16 ogre magi
  7 deep troll shamans
  A thrashing horror (Abyss:4)
  6 spriggan berserkers
  7 vampire magi
  6 shock serpents
  9 naga sharpshooters
  24 deep elf knights
  4 soul eaters
  2 wretched stars (Abyss:4)
  2 iron trolls (Depths:1)
  A shadow wraith (Vaults:3)
  4 salamander mystics
  2 storm dragon zombies
  27 deep trolls
  18 hell knights
  2 titan skeletons
  A fire crab (Swamp:4)
  A spark wasp zombie (Depths:4)
  5 unseen horrors
  6 skeletal warriors
  An unseen horror (shapeshifter) (Depths:2)
  3 flayed ghosts
  3 spriggan druids
  A glowing orange brain (Depths:3)
  9 swamp dragons
  5 wizards
  18 deep elf archers
  An anaconda skeleton (Crypt:3)
  8 necromancers
  16 ironbrand convokers
  Pikel (D:6)
  A hill giant (shapeshifter) (Vaults:5)
  3 shambling mangroves
  5 naga ritualists
  16 hill giants
  11 phantasmal warriors
  4 lindwurms (Lair:3)
  5 wolf spiders
  A wolf spider zombie (D:15)
  16 orc knights
  15 cyclopes
  3 harpies (Vaults:3)
  5 mana vipers
  5 orc sorcerers
  A worldbinder (Abyss:4)
  7 salamanders
  62 ugly things
  A tengu skeleton (Depths:2)
  59 deep elf magi
  3 shadow dragon skeletons
  A moth of wrath (shapeshifter) (Vaults:5)
  4 centaur zombies
  A hell hog skeleton (Crypt:1)
  A water nymph (shapeshifter) (Vaults:5)
  A guardian serpent (Snake:4)
  3 torpor snails (Lair:1)
  A salamander (shapeshifter) (Depths:3)
  28 black mambas
  2 guardian serpents (shapeshifter)
  A spriggan zombie (Depths:4)
  16 elephants
  2 titan simulacra
  An ice statue (IceCv)
  A spiny frog (shapeshifter) (Vaults:3)
  An apocalypse crab (Abyss:4)
  Joseph (D:7)
  3 smoke demons
  A centaur skeleton (D:15)
  A gargoyle (D:15)
  25 naga magi
  3 molten gargoyles (Depths:4)
  11 spiny frogs
  16 vault sentinels
  2 rime drakes
  An emperor scorpion zombie (Crypt:3)
  13 freezing wraiths
  22 yaktaurs
  2 hellwings (Abyss:4)
  An efreet (D:13)
  2 ice devils (Lair:1)
  4 red devils (D:14)
  A pale draconian skeleton (Crypt:3)
  4 komodo dragons
  15 trolls
  A guardian mummy (Crypt:3)
  5 tengu conjurers
  3 ancient zymes (Abyss:4)
  A meliai (shapeshifter) (D:15)
  Prince Ribbit (D:6)
  20 hornets
  A hydra skeleton (Crypt:1)
  A meliai (D:13)
  4 tyrant leeches
  47 slime creatures
  9 bog bodies
  19 two-headed ogres
  2 two-headed ogres (shapeshifter)
  A blink frog (shapeshifter) (Depths:2)
  A raiju (Abyss:4)
  A dream sheep (shapeshifter) (Vaults:2)
  3 wind drakes (Depths:4)
  9 hippogriffs
  9 centaur simulacra
  7 large abominations
  A vampire (D:13)
  6 flying skulls
  2 shadows
  A tarantella (shapeshifter) (Vaults:1)
  19 air elementals
  12 wraiths
  22 spriggans
  A ynoxinul (Abyss:4)
  10 water elementals
  26 yaks
  4 wyverns
  A hog (shapeshifter) (Vaults:1)
  A yak (shapeshifter) (Vaults:3)
  3 hogs (Snake:3)
  A tarantella (Vaults:5)
  2 chaos spawn (Abyss:4)
  A human (shapeshifter) (Vaults:2)
  A basilisk (shapeshifter) (Depths:3)
  7 fire elementals
  2 steam dragons
  6 mottled dragons
  17 vampire mosquitoes
  2 basilisks (Lair:1)
  8 wargs
  2 hungry ghosts
  A death yak simulacrum (IceCv)
  12 insubstantial wisps
  46 nagas
  A swamp worm (shapeshifter) (Vaults:2)
  17 water moccasins
  13 swamp worms
  A water nymph skeleton (Crypt:2)
  7 porcupines
  A torturous demonspawn skeleton (Crypt:1)
  2 floating eyes (Depths:3)
  10 ice beasts
  45 orc warriors
  4 sky beasts
  13 swamp drakes
  A necrophage (D:15)
  An alligator simulacrum (IceCv)
  A snapping turtle zombie (Crypt:3)
  2 black bears (D:11)
  4 slaves (D:6)
  59 ogres
  An ettin simulacrum (Vaults:2)
  10 boggarts
  3 phantoms
  An eye of draining (shapeshifter) (Vaults:2)
  7 wolves
  22 centaurs
  A fire crab zombie (Crypt:1)
  4 big kobolds
  14 crocodiles
  17 bullfrogs
  10 earth elementals
  2 wyvern skeletons
  A hell hound skeleton (Crypt:3)
  A cyclops skeleton (Crypt:2)
  19 killer bees
  4 scorpions
  An elf simulacrum (Vaults:2)
  9 small abominations
  2 elephant simulacra (IceCv)
  11 wights
  7 electric eels
  2 howler monkeys (D:9)
  4 bullfrog zombies
  8 crimson imps
  3 draconian simulacra (IceCv)
  12 starcursed masses (Abyss:4)
  3 quasits
  16 jellies
  24 orc wizards
  7 orc priests
  Crazy Yiuf (D:3)
  A black bear zombie (Crypt:1)
  A bullfrog skeleton (D:6)
  10 hounds
  3 iron imps
  A black bear skeleton (Crypt:2)
  4 gnoll shamans (D:14)
  9 hell rats (Lair:4)
  An iguana (D:9)
  A spriggan simulacrum (IceCv)
  7 worker ants
  Terence (D:3)
  5 troll simulacra (IceCv)
  A killer bee zombie (Crypt:1)
  A hound zombie (Crypt:1)
  13 mummies (Crypt:3)
  A hell rat zombie (Crypt:1)
  2 howler monkey zombies
  A worker ant zombie (D:6)
  19 gnolls
  2 howler monkey skeletons
  8 river rats (Lair:4)
  16 adders
  4 naga simulacra (IceCv)
  A river rat (shapeshifter) (Vaults:5)
  A hound simulacrum (D:11)
  12 shadow imps
  17 white imps
  3 ufetubi
  5 oozes
  A lava snake zombie (Crypt:2)
  A halfling skeleton (Crypt:2)
  An iguana skeleton (Crypt:3)
  A lava snake skeleton (Crypt:1)
  5 worms
  A worm (shapeshifter) (Vaults:5)
  3 dart slugs
  10 leopard geckos
  88 orcs
  3 ball pythons
  8 giant cockroaches
  8 hobgoblins
  23 jackals
  4 quokkas
  5 bats
  3 frilled lizards
  A frilled lizard skeleton (Crypt:3)
  A frilled lizard zombie (Crypt:2)
  6 goblins
  2 jackal skeletons
  A jackal zombie (D:5)
  5 kobolds
  24 rats
  14 briar patches
  4 bushes (Depths:3)
  10 crawling corpses
  3 fire vortices
  8 fungi
  11 plants
2358 creatures vanquished.

Vanquished Creatures (collateral kills)
  A hornet (Swamp:2)
1 creature vanquished.

Vanquished Creatures (others)
  2 deep elf master archers
  A draconian monk (Depths:5)
  A tengu reaver (Depths:3)
  A fire giant (Depths:3)
  Nessos (Orc:2)
  2 yaktaur captains
  A centaur warrior (Depths:1)
  An ogre mage (Depths:2)
  A dancing weapon (Elf:2)
  3 naga sharpshooters (Snake:4)
  2 deep elf knights (Elf:2)
  5 deep elf archers
  A lindwurm (Swamp:4)
  A deep elf mage (Elf:2)
  An ugly thing (Vaults:4)
  A starcursed mass (Abyss:4)
  2 cyclopes
  A naga mage (Snake:4)
  A spiny frog (Swamp:2)
  10 yaktaurs
  A hornet (Swamp:4)
  A tyrant leech (Swamp:4)
  A slime creature (Vaults:1)
  A bog body (Swamp:2)
  A yak (Lair:6)
  A shadow (Swamp:2)
  A fire elemental (Depths:4)
  A steam dragon (Swamp:4)
  A mottled dragon (Swamp:4)
  A swamp worm (Swamp:4)
  A naga (Snake:2)
  2 swamp drakes (Swamp:4)
  2 boggarts (Depths:4)
  A centaur (D:13)
  An ogre (Vaults:5)
  2 orcs
  A kobold (Vaults:4)
  2 briar patches (Swamp:2)
  4 bushes (Depths:3)
  A fungus (Lair:1)
  A lurking horror (Abyss:4)
  13 plants
80 creatures vanquished.

Grand Total: 2439 creatures vanquished

Notes
Turn   | Place    | Note
-------+----------+-------------------------------------------
     0 | D:1      | BaronBadger the Deep Dwarf Fighter began the quest for the Orb.
     0 | D:1      | Reached XP level 1. HP: 20/20 MP: 1/1
   100 | D:1      | Reached XP level 2. HP: 22/27 MP: 2/2
   345 | D:1      | Reached XP level 3. HP: 23/34 MP: 3/3
   982 | D:2      | Found an opulent altar of Gozag.
  1171 | D:2      | Reached skill level 3 in Axes
  1384 | D:3      | Found a glowing golden altar of the Shining One.
  1397 | D:3      | Found a faded altar of an unknown god.
  1559 | D:3      | Reached XP level 4. HP: 42/42 MP: 4/4
  1646 | D:3      | Noticed Terence
  1656 | D:3      | Killed Terence
  1909 | D:3      | Found a runed door.
  2213 | D:3      | Noticed Crazy Yiuf
  2222 | D:3      | Killed Crazy Yiuf
  2222 | D:3      | Reached XP level 5. HP: 17/49 MP: 5/5
  2339 | D:4      | Reached skill level 4 in Axes
  2659 | D:4      | Got a brightly glowing war axe
  2660 | D:4      | Identified the +6 war axe of the Spectre {freeze, Fragile rElec Str+3} (You found it on level 4 of the Dungeon)
  2756 | D:4      | Got a fine plate armour
  2767 | D:4      | Identified the +9 plate armour "Deghiung" {rElec} (You found it on level 4 of the Dungeon)
  2782 | D:4      | Found Pimm's Weapon Emporium.
  2832 | D:4      | Reached XP level 6. HP: 56/56 MP: 6/6
  3047 | D:5      | Entered Level 5 of the Dungeon
  3118 | D:5      | Found a shimmering altar of Xom.
  3139 | D:5      | Reached skill level 5 in Axes
  3139 | D:5      | Reached skill level 5 in Armour
  3271 | D:5      | Noticed a water elemental
  3272 | D:5      | Found a stormy altar of Qazlal.
  3276 | D:5      | Noticed a fire elemental
  3276 | D:5      | Noticed an air elemental
  3284 | D:5      | Reached XP level 7. HP: 62/63 MP: 7/7
  3425 | D:5      | Reached skill level 5 in Shields
  3598 | D:5      | Reached skill level 6 in Axes
  3988 | D:6      | Found a staircase to the Ecumenical Temple.
  4009 | Temple   | Entered the Ecumenical Temple
  4150 | D:6      | Noticed Prince Ribbit
  4155 | D:6      | Killed Prince Ribbit
  4155 | D:6      | Reached XP level 8. HP: 59/73 MP: 8/8
  4233 | D:6      | Reached skill level 7 in Axes
  4340 | D:6      | Noticed Pikel
  4355 | D:6      | Killed Pikel
  4355 | D:6      | Reached skill level 5 in Fighting
  4355 | D:6      | Reached skill level 8 in Axes
  4378 | D:6      | Found a burning altar of Makhleb.
  4381 | D:6      | Became a worshipper of Makhleb the Destroyer
  4561 | D:6      | Gained mutation: You passively map the area around you. [Deep Dwarf growth]
  4561 | D:6      | Reached XP level 9. HP: 54/81 MP: 9/9
  4908 | D:6      | Reached skill level 9 in Axes
  5305 | D:7      | Found a sparkling altar of Nemelex Xobeh.
  5332 | D:7      | Found Iruifiamo's Armour Boutique.
  5606 | D:7      | Noticed Joseph
  5625 | D:7      | Killed Joseph
  5667 | D:7      | Found a stormy altar of Qazlal.
  5670 | D:7      | Found a snail-covered altar of Cheibriados.
  5995 | D:8      | Found Ripegrao's Food Shoppe.
  6059 | D:8      | Got a steaming hand axe
  6070 | D:8      | Reached * piety under Makhleb
  6287 | D:8      | Reached skill level 10 in Axes
  6860 | D:9      | Reached XP level 10. HP: 70/92 MP: 10/10
  6922 | D:9      | Noticed Erica
  6937 | D:9      | Reached ** piety under Makhleb
  6945 | D:9      | Reached skill level 11 in Axes
  6951 | D:9      | Killed Erica
  7090 | D:9      | Found a hazy altar of Hepliaklqana.
  7398 | D:9      | Found a hide-covered altar of Uskayaw.
  7398 | D:9      | Found a basalt altar of Yredelemnul.
  7644 | D:10     | Entered Level 10 of the Dungeon
  7766 | D:10     | Noticed an unseen horror
  7779 | D:10     | Killed an unseen horror
  7779 | D:10     | Reached XP level 11. HP: 100/100 MP: 11/11
  7918 | D:10     | Reached skill level 12 in Axes
  7946 | D:10     | Reached *** piety under Makhleb
  8469 | D:11     | Found a staircase to the Lair.
  8601 | D:11     | Reached **** piety under Makhleb
  8896 | D:11     | Noticed a hill giant
  8902 | D:11     | Killed a hill giant
  8902 | D:11     | Reached skill level 10 in Armour
  8965 | D:11     | Noticed an orc knight
  8966 | D:11     | Found a staircase to the Orcish Mines.
  8978 | D:11     | Killed an orc knight
  8978 | D:11     | Reached skill level 10 in Shields
  9021 | D:11     | Identified the +11 hand axe of the Lame Duck {chop, Dex+2} (You found it on level 8 of the Dungeon)
  9122 | D:11     | Reached skill level 13 in Axes
  9390 | D:12     | Found an iron altar of Okawaru.
  9394 | D:12     | Noticed an unseen horror
  9414 | D:12     | Killed an unseen horror
  9450 | D:12     | Noticed an unseen horror
  9463 | D:12     | Killed an unseen horror
  9570 | D:12     | Reached XP level 12. HP: 112/112 MP: 12/12
  9601 | D:12     | Found Fahoz's Jewellery Shoppe.
 10163 | D:7      | Bought the +1 cloak of Starlight {rElec rC+ EV+4 Stlth--} for 623 gold pieces
 10337 | D:13     | Reached skill level 1 in Dodging
 10415 | D:13     | Noticed a centaur warrior
 10424 | D:13     | Killed a centaur warrior
 10430 | D:13     | Reached ***** piety under Makhleb
 10565 | D:13     | Noticed a centaur warrior
 10575 | D:13     | Killed a centaur warrior
 10591 | D:13     | Found Dubbyliaff's Distillery.
 10637 | D:13     | Noticed a tengu warrior
 10658 | D:13     | Killed a tengu warrior
 10719 | D:13     | Found a gate to the Vaults.
 10735 | D:13     | Reached skill level 14 in Axes
 10795 | D:13     | Noticed a centaur warrior
 10802 | D:13     | Killed a centaur warrior
 10802 | D:13     | Reached skill level 5 in Dodging
 11210 | D:14     | Reached XP level 13. HP: 121/121 MP: 13/13
 11267 | D:14     | Found Rokh's Antique Weapon Shop.
 11277 | D:14     | Found Raogenk's Antique Armour Shoppe.
 11291 | D:14     | Bought a glowing helmet for 262 gold pieces
 12598 | D:15     | Entered Level 15 of the Dungeon
 12674 | D:15     | Reached ****** piety under Makhleb
 12674 | D:15     | Reached skill level 15 in Axes
 12798 | D:15     | Noticed an ettin
 12812 | D:15     | Killed an ettin
 12839 | D:15     | Found a staircase to the Depths.
 13010 | D:15     | Found a hazy altar of Hepliaklqana.
 13133 | D:15     | Reached skill level 10 in Fighting
 13570 | Lair:1   | Entered Level 1 of the Lair of Beasts
 13621 | Lair:1   | Found a frozen archway.
 13649 | IceCv    | Entered an ice cave
 13663 | IceCv    | Gained mutation: You resist negative energy. (rN+) [Deep Dwarf growth]
 13663 | IceCv    | Reached XP level 14. HP: 132/132 MP: 14/14
 13811 | IceCv    | Found an ancient bone altar of Kikubaaqudgha.
 14298 | Lair:1   | Found a snail-covered altar of Cheibriados.
 15388 | Lair:2   | Found a staircase to the Swamp.
 16143 | Lair:3   | Reached skill level 16 in Axes
 16143 | Lair:3   | Reached skill level 10 in Dodging
 16423 | Lair:3   | Found a staircase to the Snake Pit.
 16754 | Lair:4   | Found a dark tunnel.
 16767 | Volcano  | Entered a volcano
 17149 | Lair:4   | Reached XP level 15. HP: 140/140 MP: 14/20
 18923 | Lair:6   | Entered Level 6 of the Lair of Beasts
 18998 | Lair:6   | Reached XP level 16. HP: 148/148 MP: 21/21
 19145 | Lair:6   | Noticed Josephine
 19156 | Lair:6   | Killed Josephine
 19461 | Lair:6   | Reached skill level 17 in Axes
 19605 | Lair:6   | Found a staircase to the Slime Pits.
 19605 | Lair:6   | Found a viscous altar of Jiyva.
 19979 | Orc:1    | Entered Level 1 of the Orcish Mines
 20540 | Orc:2    | Entered Level 2 of the Orcish Mines
 20565 | Orc:2    | Paralysed by an orc sorcerer for 6 turns
 20598 | Orc:2    | Found a flickering gateway to a bazaar.
 20607 | Bazaar   | Entered a bazaar
 20612 | Bazaar   | Found Uneid's Magic Scroll Shop.
 20617 | Bazaar   | Found Bimuniu's Jewellery Shoppe.
 20635 | Bazaar   | Found Ruhir's Antique Armour Boutique.
 20640 | Bazaar   | Found Doloix's Antique Armour Boutique.
 20646 | Bazaar   | Found Oxisykic's Distillery.
 20662 | Bazaar   | Bought a runed helmet for 231 gold pieces
 20667 | Bazaar   | Bought a polished shield for 218 gold pieces
 20690 | Bazaar   | Bought a scroll of identify for 16 gold pieces
 20690 | Bazaar   | Bought a scroll of holy word for 60 gold pieces
 20690 | Bazaar   | Bought a scroll of identify for 16 gold pieces
 20690 | Bazaar   | Bought a scroll of identify for 16 gold pieces
 20690 | Bazaar   | Bought a scroll of brand weapon for 160 gold pieces
 20690 | Bazaar   | Bought a scroll of identify for 16 gold pieces
 20691 | Bazaar   | Identified the cursed +0 shield of Sif Muna's Supremacy {+Inv} (You bought it in a shop in a bazaar)
 20716 | Orc:2    | Gained mutation: You are weak. (Str -2) [potion of mutation]
 20716 | Orc:2    | Gained mutation: You are resistant to hostile enchantments. (MR+) [potion of mutation]
 21033 | Orc:2    | Found Poocwuf's Food Shoppe.
 21034 | Orc:2    | Found Xor Oza's Assorted Antiques.
 21073 | Orc:2    | Found Zyvyll's Distillery.
 21090 | Orc:2    | Found Yjeidyl's Distillery.
 21096 | Orc:2    | Bought a crude iron amulet for 105 gold pieces
 21101 | Orc:2    | Bought a potion of beneficial mutation for 420 gold pieces
 21112 | Orc:2    | Bought a potion of mutation for 25 gold pieces
 21112 | Orc:2    | Bought a potion of mutation for 25 gold pieces
 21140 | Orc:2    | Found a staircase to the Elven Halls.
 21230 | Orc:2    | Noticed Nessos
 21238 | Orc:2    | Killed Nessos
 21521 | Orc:2    | Gained mutation: Your flesh is cold resistant. (rC+) [potion of mutation]
 21521 | Orc:2    | Gained mutation: You possess an exceptional clarity of mind. [potion of mutation]
 21521 | Orc:2    | Lost mutation: You possess an exceptional clarity of mind. [potion of mutation]
 21522 | Orc:2    | Gained mutation: You occasionally shout uncontrollably at your foes. [potion of mutation]
 21522 | Orc:2    | Gained mutation: You have sharp fingernails. [potion of mutation]
 21522 | Orc:2    | Gained mutation: You are resistant to electric shocks. (rElec) [potion of mutation]
 21523 | Orc:2    | Gained mutation: You have very sharp fingernails. [potion of beneficial mutation]
 21526 | Orc:2    | Identified the amulet "Qulif" {Faith Str+3} (You bought it in a shop on level 2 of the Orcish Mines)
 21734 | Snake:1  | Entered Level 1 of the Snake Pit
 22536 | Snake:2  | Reached XP level 17. HP: 159/159 MP: 1/22
 23134 | Snake:3  | Noticed Aizul
 23159 | Snake:3  | Killed Aizul
 23159 | Snake:3  | Reached skill level 18 in Axes
 23289 | Snake:3  | Got a twitching platinum amulet
 23310 | Snake:3  | Found Yclaulid's Jewellery Shop.
 23350 | Snake:3  | Identified the amulet "Pytso" {RegenMP rC+ Slay+3} (You found it on level 3 of the Snake Pit)
 23351 | Snake:3  | Bought a +4 amulet of reflection for 400 gold pieces
 23646 | Snake:3  | Noticed Kirke
 23656 | Snake:3  | Killed Kirke
 23778 | Snake:4  | Entered Level 4 of the Snake Pit
 24430 | Snake:4  | Gained mutation: You passively map a large area around you. [Deep Dwarf growth]
 24430 | Snake:4  | Reached XP level 18. HP: 151/169 MP: 23/23
 24490 | Snake:4  | Got a serpentine rune of Zot
 24762 | Vaults:1 | Entered Level 1 of the Vaults
 25523 | Vaults:1 | Reached skill level 19 in Axes
 25583 | Vaults:1 | Reached skill level 15 in Dodging
 25980 | Vaults:1 | Cast into level 4 of the Abyss (a Zot trap)
 26035 | Abyss:4  | Got a steaming helmet
 26083 | Abyss:4  | Identified the +0 helmet of the Flute {rF+ Str+4 Slay+2 Stlth-} (You found it on level 4 of the Abyss)
 26509 | Vaults:1 | Escaped the Abyss
 26812 | Vaults:2 | Noticed a bone dragon
 26813 | Vaults:2 | Found a staircase to the Crypt.
 26835 | Vaults:2 | Killed a bone dragon
 26835 | Vaults:2 | Reached skill level 15 in Shields
 27018 | Vaults:2 | Reached skill level 15 in Armour
 27037 | Vaults:2 | Reached XP level 19. HP: 181/181 MP: 24/24
 27413 | Vaults:2 | Found Esitsupi's Antique Weapon Shop.
 28653 | Vaults:3 | Reached skill level 15 in Fighting
 28710 | Vaults:3 | Identified a scroll of acquirement
 28935 | Vaults:4 | Lost mutation: You are weak. (Str -2) [potion of mutation]
 28936 | Vaults:4 | Gained mutation: Your movements are slightly less encumbered by armour. (ER -2) [potion of mutation]
 29065 | Vaults:4 | Reached skill level 20 in Axes
 29065 | Vaults:4 | Reached XP level 20. HP: 194/194 MP: 25/25
 29263 | Vaults:4 | Found a gateway to a bazaar.
 29279 | Bazaar   | Entered a bazaar
 29293 | Bazaar   | Found Opyfod's Gadget Shop.
 29322 | Bazaar   | Found Totadech's Gadget Shop.
 29357 | Bazaar   | Found Miaroj's Distillery.
 29361 | Bazaar   | Bought a potion of heal wounds for 55 gold pieces
 29361 | Bazaar   | Bought a potion of heal wounds for 55 gold pieces
 29361 | Bazaar   | Bought a potion of heal wounds for 55 gold pieces
 29361 | Bazaar   | Bought a potion of curing for 33 gold pieces
 29361 | Bazaar   | Bought a potion of curing for 33 gold pieces
 29373 | Bazaar   | Found Lutinle's Distillery.
 29381 | Bazaar   | Bought a potion of might for 68 gold pieces
 29381 | Bazaar   | Bought a potion of heal wounds for 85 gold pieces
 29381 | Bazaar   | Bought a potion of agility for 68 gold pieces
 29381 | Bazaar   | Bought a potion of agility for 68 gold pieces
 29381 | Bazaar   | Bought a potion of curing for 51 gold pieces
 29381 | Bazaar   | Bought a potion of curing for 51 gold pieces
 30414 | Vaults:5 | Entered Level 5 of the Vaults
 30528 | Vaults:5 | Noticed an ancient lich
 30543 | Vaults:5 | Killed an ancient lich
 30543 | Vaults:5 | Reached XP level 21. HP: 185/205 MP: 26/26
 30591 | Vaults:5 | Noticed an ancient lich
 30604 | Vaults:5 | Killed an ancient lich
 31035 | Vaults:5 | Found Zaits's Assorted Antiques.
 31076 | Vaults:5 | Got a dazzling mace
 31088 | Vaults:5 | Bought a scroll of identify for 92 gold pieces
 31307 | Vaults:5 | Noticed Frederick
 31335 | Vaults:5 | Killed Frederick
 31484 | Vaults:5 | Reached skill level 21 in Axes
 31751 | Vaults:5 | Reached XP level 22. HP: 218/218 MP: 27/27
 32095 | Vaults:5 | Got a silver rune of Zot
 32558 | Depths:1 | Entered Level 1 of the Depths
 32844 | Depths:1 | Found Pephofoli's Antique Weapon Emporium.
 32847 | Depths:1 | Bought a scorched broad axe for 342 gold pieces
 32847 | Depths:1 | Identified the +12 broad axe of Xom's Favour {chop, Int+2} (You bought it in a shop on level 1 of the Depths)
 33075 | Depths:1 | Found a gateway to Hell.
 33516 | Depths:2 | Identified the Volume of Creative Transmigration
 33566 | Depths:2 | Found a one-way gate leading to the halls of Pandemonium.
 33600 | Depths:2 | Found Lixkaes's Gadget Shop.
 33613 | Depths:2 | Noticed Sojobo
 33644 | Depths:2 | Killed Sojobo
 34196 | Depths:2 | Reached XP level 23. HP: 230/230 MP: 28/28
 34541 | Depths:3 | Found a corrupted altar of Lugonu.
 34541 | Depths:3 | Found a one-way gate to the infinite horrors of the Abyss.
 34744 | Depths:3 | Paralysed by a floating eye for 3 turns
 34809 | Depths:3 | Noticed a caustic shrike
 34809 | Depths:3 | a shadow dragon changed into a caustic shrike
 34821 | Depths:3 | a caustic shrike changed into an iron dragon
 35394 | Depths:3 | Reached skill level 22 in Axes
 35798 | Depths:4 | Noticed Jory
 35814 | Depths:4 | Killed Jory
 35841 | Depths:4 | Reached XP level 24. HP: 242/242 MP: 28/28
 35873 | Depths:4 | Found a flickering gateway to a bazaar.
 35881 | Bazaar   | Entered a bazaar
 35889 | Bazaar   | Found Saomixom's Antique Armour Shop.
 35898 | Bazaar   | Bought a pair of fine gloves for 275 gold pieces
 35908 | Bazaar   | Identified the +0 pair of gloves of Limited Liability {rC+ MR+} (You bought it in a shop in a bazaar)
 35927 | Bazaar   | Found Zuaty's Gadget Shop.
 36727 | Depths:5 | Entered Level 5 of the Depths
 36749 | Depths:5 | Found a flickering gateway to a bazaar.
 36760 | Bazaar   | Entered a bazaar
 36775 | Bazaar   | Found Jaromum's Assorted Antiques.
 36775 | Bazaar   | Found Lexkeeb's Distillery.
 36779 | Bazaar   | Bought a scroll of identify for 46 gold pieces
 36785 | Bazaar   | Bought a potion of flight for 21 gold pieces
 36796 | Bazaar   | Found Jyenwesasm's Magic Scroll Emporium.
 36796 | Bazaar   | Found Meperchui's Book Shoppe.
 36800 | Bazaar   | Bought a scroll of identify for 26 gold pieces
 36800 | Bazaar   | Bought a scroll of magic mapping for 45 gold pieces
 36800 | Bazaar   | Bought a scroll of holy word for 97 gold pieces
 36800 | Bazaar   | Bought a scroll of identify for 26 gold pieces
 36800 | Bazaar   | Bought a scroll of enchant weapon for 97 gold pieces
 36800 | Bazaar   | Bought a scroll of identify for 26 gold pieces
 36817 | Bazaar   | Found Anumoq's Weapon Shoppe.
 36840 | Bazaar   | Found Zingo's Jewellery Emporium.
 36840 | Bazaar   | Found Awkag's Distillery.
 36924 | Bazaar   | Bought 2 potions of might for 56 gold pieces
 36924 | Bazaar   | Bought a potion of curing for 21 gold pieces
 36924 | Bazaar   | Bought a potion of curing for 21 gold pieces
 36924 | Bazaar   | Bought a potion of heal wounds for 35 gold pieces
 36924 | Bazaar   | Bought a potion of agility for 28 gold pieces
 36930 | Bazaar   | Bought a potion of beneficial mutation for 805 gold pieces
 36941 | Bazaar   | Gained mutation: You are partially covered in slimy green scales. (AC +2) [potion of beneficial mutation]
 37087 | Depths:5 | Got a pair of transparent gloves
 37098 | Depths:5 | Identified the +0 pair of gloves "Kureph" {Dex+2} (You found it on level 5 of the Depths)
 37112 | Depths:5 | Found a gateway to a ziggurat.
 37272 | Depths:5 | Found a gate to the Realm of Zot.
 37400 | Depths:5 | Found a snail-covered altar of Cheibriados.
 37706 | Depths:5 | Noticed Jorgrun
 37714 | Depths:5 | Killed Jorgrun
 38427 | Swamp:1  | Entered Level 1 of the Swamp
 39179 | Swamp:2  | Noticed Nikola
 39219 | Swamp:2  | Killed Nikola
 39221 | Swamp:2  | Got a pair of faintly humming gloves
 39232 | Swamp:2  | Identified the +1 pair of gloves of Ceysh {+Fly rElec Str+4 Dex-2} (You took it off Nikola on level 2 of the Swamp)
 39304 | Swamp:2  | Gained mutation: You evolve. [potion of beneficial mutation]
 40449 | Swamp:3  | Lost mutation: You occasionally shout uncontrollably at your foes. [evolution]
 40449 | Swamp:3  | Lost mutation: You evolve. [end of evolution]
 40664 | Swamp:4  | Entered Level 4 of the Swamp
 41300 | Swamp:4  | Got a decaying rune of Zot
 41988 | Crypt:1  | Entered Level 1 of the Crypt
 42010 | Crypt:1  | Reached XP level 25. HP: 187/254 MP: 28/28
 42729 | Crypt:2  | Found a shimmering altar of Xom.
 42927 | Crypt:2  | Noticed Donald
 42934 | Crypt:2  | Killed Donald
 43288 | Crypt:3  | Entered Level 3 of the Crypt
 43357 | Crypt:3  | Noticed a greater mummy
 43360 | Crypt:3  | Noticed Khufu
 43370 | Crypt:3  | Noticed a greater mummy
 43372 | Crypt:3  | Killed a greater mummy
 43390 | Crypt:3  | Killed Khufu
 43398 | Crypt:3  | Killed a greater mummy
 43737 | Crypt:3  | Reached skill level 23 in Axes
 43975 | Crypt:3  | Found a staircase to the Tomb.
 43975 | Crypt:3  | Noticed Boris
 44000 | Crypt:3  | Killed Boris
 44185 | Crypt:3  | Noticed an ancient lich
 44214 | Crypt:3  | Killed an ancient lich
 44231 | Crypt:3  | Got a vibrating pewter ring
 44240 | Crypt:3  | Identified the ring "Seruhuebb" {rF++ MP+9 Str-5 Dex+3 SInv} (You found it on level 3 of the Crypt)
 44609 | Elf:1    | Entered Level 1 of the Elven Halls
 44669 | Elf:1    | Noticed Roxanne
 44684 | Elf:1    | Killed Roxanne
 44685 | Elf:1    | Identified Roxanne's Collected Works on Transmigration (You took it off Roxanne on level 1 of the Elven Halls)
 45731 | Elf:2    | Reached XP level 26. HP: 266/266 MP: 22/22
 45919 | Elf:2    | Found a huge runed gate.
 45919 | Elf:2    | Found a huge runed gate.
 45919 | Elf:2    | Found a huge runed gate.
 46402 | Elf:3    | Entered Level 3 of the Elven Halls
 46502 | Elf:3    | Found Kicoqoed's Distillery.
 46513 | Elf:3    | Found Toaphe's Weapon Shop.
 46531 | Elf:3    | Bought a potion of heal wounds for 75 gold pieces
 46531 | Elf:3    | Bought a potion of might for 60 gold pieces
 46531 | Elf:3    | Bought a potion of cure mutation for 375 gold pieces
 46531 | Elf:3    | Bought a potion of heal wounds for 75 gold pieces
 46531 | Elf:3    | Bought a potion of heal wounds for 75 gold pieces
 46531 | Elf:3    | Bought a potion of curing for 45 gold pieces
 46584 | Elf:3    | Found Muf Pewo's Distillery.
 46600 | Elf:3    | Found Reaj's Magic Scroll Emporium.
 46612 | Elf:3    | Bought a scroll of recharging for 104 gold pieces
 46612 | Elf:3    | Bought a scroll of enchant weapon for 82 gold pieces
 46697 | Elf:3    | Found Kuwaogal's Armour Boutique.
 47196 | Elf:3    | HP: 8/268 [deep elf high priest/divine providence (10)]
 47197 | Elf:3    | HP: 2/268 [deep elf high priest/divine providence (2)]
 47197 | Elf:3    | Killed from afar by a deep elf high priest

Skill      XL: |  1  2  3  4  5  6  7  8  9 10 11 12 13 14 15 16 17 18 19 20 21 22 23 24 25 |
---------------+----------------------------------------------------------------------------+-----
Fighting       | 3 4 5 6 7 8 9 10 11 12 13 15 16 17 18 19 20 21 | 21.9
Axes           | 3 4 5 6 8 10 11 13 14 15 16 17 18 19 20 21 22 23 | 23.5
Armour         | 4 5 6 8 9 10 11 12 13 14 15 16 17 18 19 20 | 20.4
Shields        | 4 5 6 7 9 10 11 12 13 14 15 16 17 18 19 20 | 20.6
Dodging        | 6 8 10 11 12 14 15 16 17 18 19 20 | 20.9
Evocations     | 7 |  7.3

Action                   |  1- 3 |  4- 6 |  7- 9 | 10-12 | 13-15 | 16-18 | 19-21 | 22-24 | 25-27 || total
-------------------------+-------+-------+-------+-------+-------+-------+-------+-------+-------++-------
Melee: War axe           |   119 |   147 |   252 |   635 |  1087 |  1542 |  1505 |   720 |       ||  6007
       Broad axe         |       |       |       |       |       |       |       |  1242 |   916 ||  2158
Invok: Greater Servant o |       |       |       |       |       |       |       |     1 |       ||     1
 Abil: Evoke Flight      |       |       |       |       |       |       |       |     1 |       ||     1
       Device Recharging |       |       |       |       |       |       |       |       |     6 ||     6
Evoke: Wand              |     1 |     2 |     1 |       |     4 |     6 |       |     1 |    36 ||    51
  Use: Scroll            |       |       |    19 |     8 |    14 |    15 |    14 |    12 |     8 ||    90
       Potion            |       |       |       |       |     1 |     9 |     4 |     4 |     1 ||    19
 Stab: Petrified         |       |       |       |       |       |     1 |       |       |       ||     1
       Distracted        |       |       |       |       |       |       |       |     1 |     1 ||     2
       Confused          |       |       |       |       |       |       |       |     3 |       ||     3
  Eat: Bread ration      |     1 |       |     1 |       |       |       |       |     3 |     3 ||     8
       Chunk             |       |     3 |     8 |    12 |     5 |     5 |     6 |     4 |       ||    43
       Beef jerky        |       |       |       |     4 |     4 |       |     3 |     5 |     4 ||    20
       Fruit             |       |       |       |     4 |     9 |    21 |    13 |     3 |       ||    50
       Royal jelly       |       |       |       |       |     3 |       |       |       |       ||     3
       Pizza             |       |       |       |       |     1 |       |     1 |     2 |     2 ||     6
Armor: Scale mail        |    46 |       |       |       |       |       |       |       |       ||    46
       Chain mail        |    26 |    38 |       |       |       |       |       |       |       ||    64
       Plate armour      |       |    31 |   137 |   297 |   385 |   515 |   241 |   519 |   181 ||  2306
Dodge: Dodged            |    48 |    29 |    27 |    97 |   380 |   539 |   464 |  1051 |   411 ||  3046
Block: Shield            |    69 |    68 |   149 |    73 |       |       |       |  1555 |   673 ||  2587
       Large shield      |       |       |       |   450 |   993 |  1787 |  1408 |   215 |       ||  4853
       Reflection        |       |       |       |    24 |    15 |   154 |    93 |    68 |    94 ||   448
